 Dungeon Crawl Stone Soup version 0.20-a0-876-g2c7b0bf (console) character file.

12018 nht the Severer (level 11, -3/136 HPs)
             Began as a Hill Orc Gladiator on Mar 15, 2017.
             Was an Elder of Beogh.
             Slain by a red devil
             ... wielding a +0 trident
             ... summoned by an orc high priest
              (8 damage)
             ... on level 2 of the Orcish Mines.
             The game lasted 00:21:10 (10376 turns).

nht the Severer (Hill Orc Gladiator)               Turns: 10376, Time: 00:21:11

Health: -3/136     AC: 11    Str: 28    XL:     11   Next: 86%
Magic:  16/17      EV: 12    Int:  8    God:    Beogh [****..]
Gold:   1198       SH:  0    Dex: 12    Spells: 10/10 levels left

rFire    . . .     SeeInvis .   a - +0 war axe
rCold    . . .     Gourm    .   v - +2 ring mail {rPois}
rNeg     . . .     Faith    .   (no shield)
rPois    +         Spirit   .   c - +1 helmet
rElec    .         Reflect  .   E - +0 cloak
rCorr    .         Harm     +   (no gloves)
MR       +....                  (no boots)
Stlth    ..........             r - amulet of harm
Regen    0.4/turn               b - ring of poison resistance
MPRegen  0.2/turn               B - ring of protection from magic

@: berserking (expiring), very quick
A: screaming 1, strong 1
a: Smiting, Recall Orcish Followers, Renounce Religion


You were on level 2 of the Orcish Mines.
You worshipped Beogh.
Beogh was greatly pleased with you.
You were near starving.

You visited 2 branches of the dungeon, and saw 11 of its levels.

You collected 1198 gold pieces.

Inventory:

Hand Weapons
 a - a +0 war axe (weapon)
 C - a +0 blowgun
Missiles
 d - 4 throwing nets
 i - 17 tomahawks (quivered)
 m - 8 curare-tipped needles
 o - 8 poisoned tomahawks
 q - 28 poisoned needles
Armour
 c - a +1 helmet (worn)
 v - a +2 ring mail of poison resistance (worn)
 E - a +0 cloak (worn)
Jewellery
 b - a ring of poison resistance (right hand)
 r - an amulet of harm (around neck)
 B - a ring of protection from magic (left hand)
Wands
 A - a wand of polymorph (5/24)
 F - a wand of lightning (0/15)
Scrolls
 h - 2 scrolls of fear
 k - 8 scrolls of teleportation
 p - a scroll of magic mapping
Potions
 e - 3 potions of brilliance
 g - 2 potions of mutation
 l - a potion of invisibility
 n - a potion of heal wounds
 s - a potion of resistance
 u - a potion of magic
 w - 2 potions of curing
 D - a potion of flight
Books
 y - a book of Battle

   Spells                             Type                      Level
   a - Infusion                       Charms                       1
   b - Shroud of Golubria             Charms/Translocation         2
   c - Song of Slaying                Charms                       2
   d - Spectral Weapon                Hexes/Charms                 3
   e - Regeneration                   Charms/Necromancy            3
Comestibles
 f - 6 bread rations
 j - 11 fruits
 z - a meat ration


   Skills:
 + Level 6.7 Fighting
 - Level 16.0 Axes
 + Level 9.0 Throwing
 + Level 5.4 Armour
 - Level 2.4 Dodging
 + Level 8.0 Invocations


You had 10 spell levels left.
You didn't know any spells.

Dungeon Overview and Level Annotations

Branches:
Dungeon (9/15)             Temple (0/1) D:6             Orc (2/2) D:9
    Elf (0/3) Orc:2
   Lair: D:8-11

Altars:
Okawaru
Qazlal

Shops:
D:8 =   Orc:2 }


Innate Abilities, Weirdness & Mutations

You occasionally shout uncontrollably at your foes.
Your muscles are strong. (Str +2)


Message History

Your orc warrior hits the orc high priest with a long sword!
The red devil hits you from afar with a trident!
* * * LOW HITPOINT WARNING * * *
The orc high priest hits your orc warrior but does no damage.
You slash the orc high priest!
The orc high priest is almost dead.
Your orc warrior closely misses the orc high priest.
Your orc warrior hits the orange demon with a battleaxe!
You slash the orc high priest!
The orc high priest falls to its knees.
It says, "You must be the Messiah, I see it now!"
Your orc high priest is almost dead.
The orc warrior hits your orc warrior with a dire flail!
The orange demon stings you but does no damage.
Your orc high priest prays to Beogh.
Your orc high priest is healed somewhat.
Your orc warrior hits the orc warrior but does no damage.
The red devil hits you from afar with a trident!
You die...
Beogh appreciates the red devil's killing of a heretic priest. ......█ ██.....█ ...█.████ ██....███ oo....█.██ ██.█...███ .█.......█ ██████ ██(<.█...██ █.....█.█████.██.███ ██.█.......█ █......████........███).......... .█.o..██ █..........[[)█........█ ......██ ██.█.((oo)....█......███ ....o..█ ████.o@███████..█....[( ......██ ██.)oooo.██

█.█)█..)). .....██ █..█[44█..█
█......... .....███ ██..)..)...██
█.......). ....o..█ █...█.[)█...█
█..(...... ...o...█
█..)........███.....))..
...o...██....█.).█....██...[[.[██
.......██.............██..(.)[.[█
...ooo.██....█...█....██...█.(.██


You could see an orange demon, a red devil, an orc warrior, a friendly orc high
priest, 4 friendly orc warriors and a friendly orc priest.

Vanquished Creatures
  A deep elf demonologist (Orc:2)
  Erica (Orc:1)
  2 two-headed ogres
  An orc knight (Orc:2)
  Pikel (D:8)
  An orc sorcerer (Orc:1)
  A troll (D:9)
  2 hippogriffs (D:9)
  A wyvern (D:8)
  2 hungry ghosts
  3 wargs
  The ghost of Nelagord the Sneak, an amateur GrAs (D:4)
  Duvessa (D:4)
  3 orc warriors (Orc:2)
  A slave (D:8)
  2 ice beasts (D:9)
  A sky beast (D:7)
  4 phantoms
  A boggart (D:7)
  3 ogres
  2 centaurs
  The ghost of Nelagord the Sneak, an amateur GrAs (D:3)
  4 bullfrogs
  Dowan (D:4)
  A scorpion (D:8)
  2 crimson imps
  A bullfrog zombie (D:5)
  4 hounds
  4 jellies
  12 orc priests
  A bullfrog skeleton (D:7)
  3 iguanas
  10 orc wizards
  7 worker ants
  A hound skeleton (D:7)
  A worker ant zombie (D:5)
  14 adders
  8 gnolls
  A shadow imp (D:5)
  2 oozes (D:1)
  An adder skeleton (D:4)
  An adder zombie (D:7)
  A dart slug (D:3)
  11 leopard geckos
  22 orcs
  7 giant cockroaches
  12 goblins
  9 hobgoblins
  12 jackals
  2 quokkas
  4 ball pythons
  8 bats
  10 frilled lizards
  9 kobolds
  3 rats
225 creatures vanquished.

Vanquished Creatures (collateral kills)
  The ghost of nubinia the Eclecticist, a journeyman SpEE of Ashenzari (Orc:2)
  5 orc knights (Orc:2)
  A hippogriff (D:9)
  A wraith (D:8)
  3 wargs
  7 orc warriors (Orc:2)
  A slave (D:8)
  A phantom (D:8)
  A necrophage (D:8)
  2 ogres
  A scorpion (D:9)
  2 orc priests (Orc:2)
  A centaur skeleton (D:8)
  8 orc wizards
  8 orcs
  A jackal (D:8)
44 creatures vanquished.

Vanquished Creatures (others)
  2 orc knights (Orc:2)
  7 orc warriors
  14 orc priests
  6 orc wizards
  26 orcs
55 creatures vanquished.

Grand Total: 324 creatures vanquished

Notes
Turn   | Place    | Note
-------+----------+-------------------------------------------
     0 | D:1      | nht the Hill Orc Gladiator began the quest for the Orb.
     0 | D:1      | Reached XP level 1. HP: 18/18 MP: 1/1
   169 | D:1      | Reached XP level 2. HP: 23/25 MP: 2/2
   223 | D:1      | Reached skill level 5 in Axes
   347 | D:1      | Reached XP level 3. HP: 22/30 MP: 3/3
   417 | D:1      | HP: 1/30 [hobgoblin (1)]
  1098 | D:2      | Found an iron altar of Okawaru.
  1106 | D:2      | Reached skill level 6 in Axes
  1181 | D:3      | Reached XP level 4. HP: 19/37 MP: 4/4
  1440 | D:3      | Noticed Nelagord's ghost (amateur GrAs)
  1451 | D:3      | Killed Nelagord's ghost
  1451 | D:3      | Reached skill level 7 in Axes
  1451 | D:3      | Reached XP level 5. HP: 30/42 MP: 5/5
  1461 | D:3      | Reached skill level 8 in Axes
  1476 | D:3      | Became a worshipper of Beogh the Brigand
  1539 | D:3      | Reached XP level 6. HP: 13/50 MP: 6/6
  1920 | D:2      | Reached skill level 9 in Axes
  2739 | D:4      | Noticed Duvessa
  2739 | D:4      | Noticed Dowan
  2750 | D:4      | Killed Duvessa
  2751 | D:4      | Killed Dowan
  2751 | D:4      | Reached skill level 10 in Axes
  2751 | D:4      | Reached XP level 7. HP: 30/56 MP: 7/7
  2800 | D:4      | Reached * piety under Beogh
  2909 | D:4      | Noticed Nelagord's ghost (amateur GrAs)
  2923 | D:4      | Killed Nelagord's ghost
  3326 | D:4      | Reached skill level 11 in Axes
  3628 | D:5      | Entered Level 5 of the Dungeon
  3876 | D:5      | Reached skill level 12 in Axes
  3876 | D:5      | Reached XP level 8. HP: 22/62 MP: 8/8
  4263 | D:5      | Found a stormy altar of Qazlal.
  4399 | D:5      | Gained mutation: You occasionally shout uncontrollably at your foes. [potion of mutation]
  4399 | D:5      | Gained mutation: Your muscles are strong. (Str +2) [potion of mutation]
  4403 | D:5      | Reached ** piety under Beogh
  4611 | D:6      | Reached skill level 1 in Invocations
  4830 | D:6      | Found a staircase to the Ecumenical Temple.
  4891 | D:6      | Reached skill level 13 in Axes
  5457 | D:7      | Reached XP level 9. HP: 62/68 MP: 11/11
  5473 | D:7      | Reached skill level 14 in Axes
  5611 | D:7      | Reached *** piety under Beogh
  6115 | D:8      | Found Lub Hyimn's Jewellery Shop.
  6171 | D:8      | Noticed a two-headed ogre
  6199 | D:8      | Killed a two-headed ogre
  6199 | D:8      | Reached skill level 15 in Axes
  6313 | D:8      | Reached skill level 5 in Throwing
  6399 | D:8      | Reached XP level 10. HP: 68/74 MP: 13/13
  6442 | D:8      | Noticed Pikel
  6454 | D:8      | Killed Pikel
  6895 | D:9      | Found a staircase to the Orcish Mines.
  6906 | D:9      | Reached skill level 16 in Axes
  7016 | D:9      | Reached **** piety under Beogh
  7526 | D:9      | Noticed a two-headed ogre
  7534 | D:9      | Killed a two-headed ogre
  7534 | D:9      | Reached skill level 5 in Invocations
  7724 | Orc:1    | Entered Level 1 of the Orcish Mines
  7944 | Orc:1    | Noticed an orc sorcerer
  7948 | Orc:1    | Noticed a sixfirhy
  7952 | Orc:1    | Killed an orc sorcerer
  7952 | Orc:1    | Reached XP level 11. HP: 27/84 MP: 8/15
  8198 | Orc:2    | Entered Level 2 of the Orcish Mines
  8619 | Orc:2    | Noticed an orc knight
  8620 | Orc:2    | Noticed an orc high priest
  8890 | Orc:2    | Noticed an orc knight
  8903 | Orc:2    | Killed an orc knight
  8904 | Orc:2    | Reached ***** piety under Beogh
  8940 | Orc:2    | Reached skill level 5 in Fighting
  8944 | Orc:2    | Noticed an orc knight
  8944 | Orc:2    | Found Megoaqid's Quality Used Wands.
  9229 | Orc:2    | Killed an orc knight
  9544 | Orc:2    | Killed an orc knight
  9549 | Orc:2    | Found a staircase to the Elven Halls.
  9553 | Orc:2    | Noticed a deep elf demonologist
  9556 | Orc:2    | Noticed an Executioner
  9559 | Orc:2    | Noticed a hell beast
  9561 | Orc:2    | Killed a deep elf demonologist
  9833 | Orc:1    | Noticed Erica
  9843 | Orc:1    | Killed Erica
  9947 | Orc:2    | Noticed an orc knight
  9949 | Orc:2    | Noticed nubinia's ghost (journeyman SpEE)
  9956 | Orc:2    | Killed an orc knight
  9967 | Orc:2    | Killed nubinia's ghost
  9967 | Orc:2    | Reached skill level 5 in Armour
 10085 | Orc:2    | Noticed an orc knight
 10086 | Orc:2    | Noticed an orc knight
 10088 | Orc:2    | Noticed an orc knight
 10090 | Orc:2    | Killed an orc knight
 10091 | Orc:2    | Noticed an orc high priest
 10092 | Orc:2    | Noticed an orc knight
 10092 | Orc:2    | Noticed an orc high priest
 10092 | Orc:2    | Noticed an orc knight
 10096 | Orc:2    | Noticed a sun demon
 10351 | Orc:2    | Killed an orc knight
 10374 | Orc:2    | HP: 5/136 [red devil/trident[an orc high priest] (12)]
 10376 | Orc:2    | Slain by a red devil

Vault maps used:
D:1:      dpeg_cavernosity, minmay_misc_feat_columns, minmay_fountain_box
D:2:      okawaru_ov_weapons_minmay
D:3:      first_bread, cheibrodos_gnoll_hut
D:4:      uniq_duvessa
D:5:      grunt_decor_mini_mirrors, nicolae_qazlal_general_emergency
D:6:      minmay_temple_entry_fiery
D:8:      serial_shops, shop, uniq_pikel
D:9:      minmay_orc_entry_guard_dogs
Orc:1:    uniq_erica
Orc:2:    st_orc_pillars, nicolae_for_you_no_charge

Skill      XL: |  1  2  3  4  5  6  7  8  9 10 11 |
---------------+----------------------------------+-----
Axes           | 5 6 7 8 10 12 13 15 16 | 16.0
Invocations    | 3 4 5 8 |  8.0
Throwing       | 5 8 9 |  9.0
Fighting       | 4 6 |  6.7
Armour         | 2 5 |  5.4
Dodging        | |  2.4

Action                   |  1- 3 |  4- 6 |  7- 9 | 10-12 || total
-------------------------+-------+-------+-------+-------++-------
Melee: War axe           |    97 |   129 |   356 |   247 ||   829
Throw: Throwing net      |     1 |       |       |       ||     1
       Tomahawk          |       |       |    10 |    27 ||    37
Invok: Convert to Beogh  |       |     1 |       |       ||     1
       Smiting           |       |       |       |     6 ||     6
       Recall Orcish Fol |       |       |       |     4 ||     4
Evoke: Wand              |       |       |     3 |     2 ||     5
  Use: Potion            |       |     3 |     2 |     1 ||     6
       Scroll            |       |       |    14 |     5 ||    19
 Stab: Sleeping          |     1 |       |       |       ||     1
       Distracted        |       |       |       |     4 ||     4
       Confused          |       |       |       |     1 ||     1
  Eat: Chunk             |     1 |     5 |    15 |     9 ||    30
       Fruit             |       |       |       |     4 ||     4
Armor: Leather armour    |    22 |    37 |       |       ||    59
       Ring mail         |       |       |   108 |    50 ||   158
Dodge: Dodged            |    64 |    77 |   155 |   117 ||   413
